 Dungeon Crawl Stone Soup version 0.22-a0-240-g539252a (webtiles) character file.

205 Amnesiac the Charlatan (level 5, 0/26 HPs)
             Began as a Spriggan Artificer on Feb 21, 2018.
             Was an Initiate of Gozag.
             Slain by a centaur skeleton (3 damage)
             ... on level 4 of the Dungeon.
             The game lasted 00:05:11 (2982 turns).

Amnesiac the Charlatan (Spriggan Artificer)         Turns: 2982, Time: 00:05:12

Health: 0/26       AC:  4    Str:  9    XL:     5   Next: 53%
Magic:  10/10      EV: 20    Int: 13    God:    Gozag
Gold:   546        SH:  0    Dex: 16    Spells: 4/4 levels left

rFire    . . .     SeeInvis +   a - +0 dagger (venom)
rCold    . . .     Gourm    .   (shield restricted)
rNeg     + . .     Faith    .   q - +0 robe
rPois    .         Spirit   .   (helmet restricted)
rElec    .         Reflect  .   (no cloak)
rCorr    .         Harm     .   (gloves unavailable)
MR       .....                  (boots unavailable)
Stlth    ++........             (no amulet)
HPRegen  0.08/turn              u - ring of positive energy
MPRegen  0.12/turn              w - +2 ring of protection

@: very quick
A: very small, unfitting armour, see invisible, herbivore, speed 3, slow
metabolism 2
a: Potion Petition, Call Merchant, Bribe Branch, Renounce Religion


You were on level 4 of the Dungeon.
You worshipped Gozag.
Gozag was pleased with you.
You were very full.

You visited 1 branch of the dungeon, and saw 4 of its levels.

You collected 603 gold pieces.
You paid 57 gold pieces to Gozag.

Inventory:

Hand Weapons
 a - a +0 dagger of venom (weapon)
 b - a +0 dagger of holy wrath
 n - a +0 hunting sling
 v - a +0 blowgun
Missiles
 k - 2 throwing nets (quivered)
 o - 14 poisoned needles
 x - 11 stones
Armour
 q - a +0 robe (worn)
Jewellery
 u - a ring of positive energy (left hand)
 w - a +2 ring of protection (right hand)
Wands
 c - a wand of flame (15)
 d - a wand of enslavement (15)
 e - a wand of random effects (38)
Scrolls
 g - 3 scrolls of identify {!r, unknown}
 h - 4 scrolls of teleportation {!r, unknown}
 j - 4 scrolls of remove curse {!r, unknown}
 l - a scroll of enchant weapon {!r, unknown}
 p - a scroll of immolation {!r, unknown}
 s - a scroll of amnesia {!r, unknown}
 y - a scroll of fog {!r, unknown}
Potions
 i - 5 potions of heal wounds {!q, unknown}
 m - a potion of curing {!q}
 r - a potion of degeneration {!q, unknown}
 t - a potion of magic {!q, unknown}
Comestibles
 f - 6 rations


   Skills:
 + Level 2.0 Fighting
 * Level 2.6 Short Blades
 + Level 4.5 Dodging
 - Level 1.5 Stealth
 * Level 6.2 Evocations


You had 4 spell levels left.
You didn't know any spells.

Dungeon Overview and Level Annotations

Branches:
Dungeon (4/15)
 Temple: D:4-7

Altars:
Gozag
Nemelex Xobeh
Xom


Innate Abilities, Weirdness & Mutations

You are very small and have problems with some larger weapons.
You are too small for most types of armour.
You have supernaturally acute eyesight. (SInv)
You are a herbivore.
You cover ground extremely quickly.
You need consume almost no food.


Message History

A giant cockroach is nearby!
Found a ration.
Found a chain mail and a ration.
You hit the giant cockroach.
The giant cockroach is heavily wounded.
The giant cockroach misses you.
You completely miss the giant cockroach.
The giant cockroach is heavily wounded.
The giant cockroach completely misses you.
You hit the giant cockroach.
The giant cockroach is almost dead.
The giant cockroach misses you.
You hit the giant cockroach but do no damage.
The giant cockroach is poisoned.
The giant cockroach is almost dead.
You kill the giant cockroach!
You now have 546 gold pieces (gained 4).
You eat one of the 5 rations.
That ration really hit the spot!
f - 5 rations (gained 1)
f - 6 rations (gained 1) 2 skeletons come into view.
You see here a chain mail.
There are monsters nearby!
There are monsters nearby!
You swing at nothing.
You swing at nothing.
You hit the centaur skeleton.
The centaur skeleton is lightly damaged.
The centaur skeleton barely misses you.
You hit the centaur skeleton.
The centaur skeleton is moderately damaged.
The centaur skeleton misses you. The centaur skeleton hits you.
You hit the centaur skeleton.
The centaur skeleton is moderately damaged.
The centaur skeleton hits you.
You hit the centaur skeleton.
The centaur skeleton is heavily damaged.
The centaur skeleton barely misses you.
You hit the centaur skeleton.
The centaur skeleton is heavily damaged.
The centaur skeleton misses you.
You hit the centaur skeleton.
The centaur skeleton is heavily damaged.
The centaur skeleton hits you.
You hit the centaur skeleton but do no damage.
The centaur skeleton is heavily damaged.
The centaur skeleton misses you. The centaur skeleton hits you.
* * * LOW HITPOINT WARNING * * *
You hit the centaur skeleton but do no damage.
The centaur skeleton is heavily damaged.
The centaur skeleton misses you.
You hit the centaur skeleton.
The centaur skeleton is heavily damaged.
The centaur skeleton hits you!
* * * LOW HITPOINT WARNING * * *
You hit the centaur skeleton.
The centaur skeleton is severely damaged.
The centaur skeleton hits you.
* * * LOW HITPOINT WARNING * * *
You hit the centaur skeleton but do no damage.
The centaur skeleton is severely damaged.
The centaur skeleton hits you.
You die...
Your body crumbles into a pile of gold.

.# #.# $ #.# ### #.#
#.## ###### #.# #..#
#..... #.# ##.######
#.....##.########<.....#
#....ZZ@.##.....##.###..
#.....##[...............
.......
#........#.......
..#####
#...######.#.#### #
##...# #.#.# # #.#.#
#.#.. #.#.# ..##.# #....
... .##. ##.... ... ..


You could see a centaur skeleton and a howler monkey skeleton.

Vanquished Creatures
  A jelly (D:3)
  Natasha (thrice) (D:3)
  A gnoll (D:1)
  2 adders (D:2)
  An ooze (D:1)
  2 leopard geckos (D:2)
  An orc (D:3)
  5 giant cockroaches
  9 goblins
  7 hobgoblins
  8 jackals
  6 kobolds
  8 bats
  6 frilled lizards
  7 rats
  2 butterflies (D:2)
  A fungus (D:3)
70 creatures vanquished.

Notes
Turn   | Place    | Note
-------+----------+-------------------------------------------
     0 | D:1      | Amnesiac the Spriggan Artificer began the quest for the Orb.
     0 | D:1      | Reached XP level 1. HP: 9/9 MP: 4/4
   188 | D:1      | Reached skill level 1 in Fighting
   201 | D:1      | Reached XP level 2. HP: 14/14 MP: 6/6
   684 | D:2      | Reached skill level 5 in Evocations
   684 | D:2      | Reached XP level 3. HP: 16/18 MP: 7/7
   805 | D:2      | Found an opulent altar of Gozag.
   825 | D:2      | Became a worshipper of Gozag Ym Sagoz the Greedy
  1326 | D:2      | Reached XP level 4. HP: 11/22 MP: 7/9
  1939 | D:2      | Found a shimmering altar of Xom.
  2094 | D:2      | Found a sparkling altar of Nemelex Xobeh.
  2156 | D:3      | Noticed Natasha
  2168 | D:3      | Killed Natasha
  2524 | D:3      | Noticed Natasha
  2543 | D:3      | Killed Natasha
  2543 | D:3      | Reached XP level 5. HP: 16/26 MP: 10/10
  2663 | D:3      | Noticed Natasha
  2673 | D:3      | Killed Natasha
  2673 | D:3      | Reached skill level 6 in Evocations
  2982 | D:4      | Slain by a centaur skeleton

Vault maps used:
D:1:      wheals_arrival_linesprint
D:2:      nicolae_gozag_cash_rules_everything_around_me,
          nemelex_xobeh_ov_fountains_minmay, xom_butterflies
D:3:      minmay_gold_behind_fungi, minmay_misc_feat_chi, minmay_misc_feat_five,
          uniq_natasha
D:4:      tso_altar, elyvilon_altar_1, first_ration

Skill      XL: |  1  2  3  4  5 |
---------------+----------------+-----
Fighting       | 1 2 |  2.0
Evocations     | 5 6 |  6.2
Dodging        | 4 |  4.5
Short Blades   | 2 |  2.6
Stealth        | |  1.5

Action                   |  1- 3 |  4- 6 || total
-------------------------+-------+-------++-------
Melee: Short sword       |    73 |       ||    73
       Dagger            |    61 |   139 ||   200
Evoke: Wand              |       |     1 ||     1
 Stab: Sleeping          |     6 |     1 ||     7
       Distracted        |     1 |       ||     1
  Eat: Ration            |       |     4 ||     4
Armor: Robe              |    12 |     6 ||    18
Dodge: Dodged            |   137 |   107 ||   244

Table legend:
 A = Spawn XP
 B = Non-spawn XP
 C = Spawn XP percentage of total XP
 D = Spawn monster count
 E = Non-spawn monster count
 F = Spawn count percentage of total count
 G = Total turns spent on level
                    A         B        C        D         E        F      G
               +---------+---------+-------+---------+---------+-------+---------
         Total |       0 |     294 |   0.0 |       0 |      67 |   0.0 |  2982
               +---------+---------+-------+---------+---------+-------+---------
           D:1 |       0 |      66 |   0.0 |       0 |      32 |   0.0 |  1170
           D:2 |       0 |      60 |   0.0 |       0 |      19 |   0.0 |   986
           D:3 |       0 |     166 |   0.0 |       0 |      15 |   0.0 |   752
           D:4 |       0 |       2 |   0.0 |       0 |       1 |   0.0 |    74
               +---------+---------+-------+---------+---------+-------+---------
